 Dungeon Crawl Stone Soup version 0.25.1-1-g288607f5aa (webtiles) character file.

Game seed: 9501977331263173974

31 Descartes the Sneak (level 3, -6/16 HPs)
             Began as a Felid Warper on July 22, 2020.
             Killed from afar by Natasha (7 damage)
             ... with a magic dart
             ... on level 2 of the Dungeon.
             The game lasted 00:02:23 (1928 turns).

Descartes the Sneak (Felid Warper)                  Turns: 1928, Time: 00:02:24

Health: -6/16      AC:  1    Str:  8    XL:     3   Next: 7%
Magic:  6/7        EV: 18    Int: 14    God:
Gold:   118        SH:  0    Dex: 15    Spells: 2/6 levels left
                                        Lives:  0   Deaths: 1

rFire    x . .     SeeInvis +     - Unarmed
rCold    + . .     Gourm    .   (shield unavailable)
rNeg     . . .     Faith    .   (armour unavailable)
rPois    .         Spirit   .   (helmet unavailable)
rElec    .         Reflect  .   (cloak unavailable)
rCorr    .         Harm     .   (gloves unavailable)
MR       .....                  (boots unavailable)
Stlth    +++.......             (no amulet)
HPRegen  0.05/turn              h - ring of ice (curse)
MPRegen  0.10/turn              (no ring)

@: very slightly contaminated, quick
A: very small, no armour, no weapons or thrown items, stealth, claws 1, fangs 3,
see invisible, carnivore, speed 1, shaggy fur 1, slow metabolism 1, sharp paws
a: no special abilities


You were on level 2 of the Dungeon.
You were full.

You visited 1 branch of the dungeon, and saw 2 of its levels.

You collected 118 gold pieces.

Inventory:

Missiles
 f - 61 stones
 g - 35 arrows
Jewellery
 h - a cursed ring of ice (left paw)
 k - an uncursed amulet of reflection {unknown}
Scrolls
 b - a scroll of blinking
 d - a scroll of enchant armour {unknown}
 e - a scroll of teleportation {unknown}
 i - 2 scrolls of remove curse {unknown}
 l - a scroll of amnesia {unknown}
Potions
 a - 3 potions of degeneration {unknown}
 j - 2 potions of curing {unknown}
Comestibles
 c - 3 rations


   Skills:
 - Level 2.0 Fighting
 - Level 3.2 Dodging
 + Level 5.5 Stealth
 - Level 2.0 Unarmed Combat
 - Level 2.0 Spellcasting
 - Level 4.4 Translocations


You had 2 spell levels left.
You knew the following spells:

 Your Spells              Type           Power        Failure   Level  Hunger
a - Blink                 Tloc           N/A          6%          2    ###....
b - Shroud of Golubria    Chrm/Tloc      #.....       14%         2    ###....

Your spell library contained the following spells:

 Spells                   Type           Power        Failure   Level  Hunger
 Gell's Gravitas          Tloc           ##........   12%         3    ####...
 Lesser Beckoning         Tloc           ##........   12%         3    ####...
 Teleport Other           Tloc           ##......     12%         3    ####...
 Passage of Golubria      Tloc           N/A          36%         4    #####..


Dungeon Overview and Level Annotations

Branches:
Dungeon (2/15)

Altars:
Ashenzari
Hepliaklqana

Annotations:
D:2 Natasha


Innate Abilities, Weirdness & Mutations

You cannot wear armour.
You are incapable of wielding weapons or throwing items.
Your paws allow you to move quietly. (Stealth)
You have sharp claws.
You have razor-sharp teeth.
You have supernaturally acute eyesight. (SInv)
You are carnivorous and can eat meat at any time.
You cover ground quickly.
You are covered in fur. (AC +1)
You have a slow metabolism.
Your sharp claws are effective at attacking unaware monsters.


Message History

Natasha closely misses you.
You barely miss Natasha.
Natasha mumbles some strange words.
You feel troubled. Natasha completely misses you.
You closely miss Natasha. You bite Natasha.
Natasha is lightly wounded.
Natasha claws you.
You scratch Natasha. You bite Natasha.
Natasha is heavily wounded.
Natasha closely misses you.
You scratch Natasha.
Natasha is almost dead.
Natasha claws you.
* * * LOW HITPOINT WARNING * * *
You scratch Natasha but do no damage. Your bite misses Natasha.
Natasha is almost dead.
Natasha casts a spell at you. The magic dart hits you!
You die...

....###########.##
##......# ###.# ##.##
##.#####.# #.#
#..###.## #.#
####.#.#.##### #.#
#.....<......# #.#
#.##.#######.# #.#
#.##.# #.#######
#h##.# #.##..
.w.#†##@# #.##.#
#.#.##h#..? ###.##.#
#.......[# ....##.#
###.##.###
######.######.##.###
#.##............
######÷##.###########
.......##.#
>.........#


You could see Natasha.

Vanquished Creatures
  Natasha (D:2)
  An adder (D:2)
  A worm (D:2)
  A dart slug (D:1)
  3 leopard geckos
  An orc (D:2)
  4 bats (D:2)
  4 goblins
  5 hobgoblins
  5 kobolds
  A frilled lizard (D:1)
  A rat (D:2)
28 creatures vanquished.

Notes
Turn   | Place    | Note
-------+----------+-------------------------------------------
     0 | D:1      | Descartes the Felid Warper began the quest for the Orb.
     0 | D:1      | Reached XP level 1. HP: 9/9 MP: 4/4
    35 | D:1      | Reached skill level 1 in Stealth
   101 | D:1      | Reached skill level 2 in Stealth
   225 | D:1      | Reached XP level 2. HP: 13/13 MP: 6/6
   318 | D:1      | Learned a level 2 spell: Blink
   321 | D:1      | Learned a level 2 spell: Shroud of Golubria
   364 | D:1      | Reached skill level 3 in Stealth
  1143 | D:2      | Reached skill level 4 in Stealth
  1143 | D:2      | Reached XP level 3. HP: 16/16 MP: 4/7
  1634 | D:2      | Found a hazy altar of Hepliaklqana.
  1678 | D:2      | Noticed Natasha
  1690 | D:2      | Killed Natasha
  1690 | D:2      | Reached skill level 5 in Stealth
  1690 | D:2      | Reached XP level 4. HP: 19/19 MP: 5/8
  1719 | D:2      | Noticed Natasha
  1738 | D:2      | Slain by Natasha
  1739 | D:2      | Reached XP level 3. HP: -1/16 MP: 7/7
  1747 | D:2      | Found a shattered altar of Ashenzari.
  1928 | D:2      | Killed from afar by Natasha

Illustrated notes

Levels and vault maps discovered:
D:1:      dpeg_arrival_pits, layout_basic
D:2:      layout_loops_ring, lemuel_round_altar, ashenzari_altar_1, uniq_natasha

Skill      XL: |  1  2  3 |
---------------+----------+-----
Stealth        | 2 4 5 |  5.5
Fighting       | |  2.0
Dodging        | |  3.2
Unarmed Combat | |  2.0
Spellcasting   | |  2.0
Translocations | |  4.4

Action                   |  1- 3 |  4- 6 || total
-------------------------+-------+-------++-------
Melee: Unarmed           |   102 |    11 ||   113
       Bite              |     9 |     1 ||    10
       Punch             |     2 |       ||     2
 Cast: Shroud of Golubri |     6 |     1 ||     7
       Blink             |     1 |       ||     1
 Stab: Sleeping          |     7 |       ||     7
  Eat: Chunk             |    12 |       ||    12
Armor: Skin              |     4 |       ||     4
Dodge: Dodged            |    82 |     8 ||    90
